[Event "ICC tourney 1877 (15 10)"]
[Site "Internet Chess Club"]
[Date "2020.06.14"]
[Round "4"]
[White "Queen-2007"]
[Black "Neal-Li"]
[Result "1-0"]
[ICCResult "Black resigns"]
[WhiteElo "1499"]
[BlackElo "1255"]
[Opening "Caro-Kann: advance variation"]
[ECO "B12"]
[NIC "CK.04"]
[Time "16:26:53"]
[TimeControl "900+10"]

1. e4 c6 2. d4 d5 3. e5 Bf5 4. h4 h6 5. g4 Bh7 6. e6 fxe6 7. Bd3 Bxd3 8.
Qxd3 Nf6 9. Nf3 Kf7 10. Ne5+ Kg8 11. Ng6 Rh7 12. Nd2 Nbd7 13. Qe2 Qe8 14.
Nf4 Qf7 15. Rg1 g5 16. hxg5 hxg5 17. Nxe6 Qg6 18. Nf3 Ne4 19. Nfxg5 Nxg5 20.
Nxg5 Rg7 21. Qe6+ Qxe6+ 22. Nxe6 Rg6 23. Nf4 Rg7 24. Be3 Kf7 25. O-O-O e5
26. dxe5 Nxe5 27. Nd3 Nxg4 28. Rxg4 Rxg4 29. Ne5+ Ke6 30. Nxg4 Bd6 31. Re1
Kd7 32. Bd4 Rf8 33. Ne5+ Kc7 34. Nd3 b6 35. Be5 Bxe5 36. Rxe5 Kd6 37. Re2 c5
38. c3 d4 39. Kd2 c4 40. Nb4 d3 41. Nxd3 cxd3 42. Kxd3 Kc5 43. b3 Rd8+ 44.
Ke3 Re8+ 45. Kf3 Rf8+ 46. Kg2 Rg8+ 47. Kf1 Rg7 48. Re5+ Kd6 49. Rh5 Kd7 50.
c4 Kc6 51. f4 Rf7 52. Rh4 Kd6 53. Kg2 Kc5 54. Rh5+ Kb4 55. Kf3 Ka3 56. Rh2
Re7 57. f5 Rf7 58. Kf4 Kb4 59. Kg5 Rg7+ 60. Kf6 Rg1 61. Re2 Rh1 62. Ke6 Rh8
63. Ke7 Rh7+ 64. Kf8 Kc5 65. f6 Rh3 66. f7 Kd6 67. Ke8 Rh8+ 68. f8=Q+ Rxf8+
69. Kxf8 Kc5 70. Ke7 a6 71. Kd7 a5 72. a3 a4 73. b4+ Kxc4 74. Re3 Kd5 75.
Kc7 Kd4 76. Rh3 b5 77. Kc6 Kc4 78. Rg3 {Black resigns} 1-0

[Event "ICC tourney 1877 (15 10)"]
[Site "Internet Chess Club"]
[Date "2020.06.14"]
[Round "4"]
[White "FluffyKittens"]
[Black "Sricharan07"]
[Result "1-0"]
[ICCResult "Black resigns"]
[WhiteElo "1588"]
[BlackElo "1417"]
[Opening "Queen's bishop game"]
[ECO "A45"]
[NIC "QP.07"]
[Time "16:27:07"]
[TimeControl "900+10"]

1. d4 Nf6 2. Bf4 d5 3. Nf3 c5 4. e3 Nc6 5. c3 cxd4 6. cxd4 Bf5 7. Bd3 Bxd3
8. Qxd3 e6 9. a3 Be7 10. Nbd2 Rc8 11. O-O O-O 12. Rac1 Qb6 13. b4 a6 14. Nb3
Ne4 15. Nc5 Nxc5 16. dxc5 Qd8 17. Rfd1 Bf6 18. e4 Re8 19. exd5 exd5 20. Re1
Qd7 21. Bd6 Qg4 22. Qxd5 Bb2 23. h3 Qg6 24. Nh4 Qf6 25. Rxe8+ Rxe8 26. Rb1
Bxa3 27. Nf5 Bxb4 28. Rb3 a5 29. Rf3 Qe6 30. Re3 Qd7 31. Rg3 g6 32. Nh6+ Kg7
33. Nf5+ Kh8 34. Nh6 Kg7 35. Bf8+ Rxf8 36. Qxd7 Kxh6 37. Qxb7 Nd4 38. Rg4
Ne6 39. Qe7 Kg7 40. Rc4 Rc8 41. Qb7 Rxc5 42. Rxc5 Bxc5 43. Qb5 Bb4 44. g4 h6
45. h4 g5 46. Qe5+ Kg8 47. Qf6 Bf8 48. h5 a4 49. Qa1 a3 50. Kf1 Bc5 51. Qe5
Bd4 52. Qb8+ Kg7 53. Qa8 Bb2 54. Ke2 Nf4+ 55. Ke3 Ne6 56. Qd5 Bd4+ 57. Ke4
Bb2 58. f3 Nf4 59. Qa5 Ne2 60. Qb4 Nf4 61. Qa4 Ne6 62. Kd5 Nf4+ 63. Kd6 Ne2
64. Ke7 Nc3 65. Qd4+ Kh7 66. Kxf7 Nb5 67. Qd3+ Kh8 68. Qxb5 {Black resigns}
1-0

[Event "ICC tourney 1877 (15 10)"]
[Site "Internet Chess Club"]
[Date "2020.06.14"]
[Round "5"]
[White "Cbf577"]
[Black "combusken1123"]
[Result "0-1"]
[ICCResult "White resigns"]
[WhiteElo "1321"]
[BlackElo "1357"]
[Opening "Sicilian defense"]
[ECO "B20"]
[NIC "SI.48"]
[Time "17:40:59"]
[TimeControl "900+10"]

1. e4 c5 2. Bc4 e6 3. Nc3 Ne7 4. Nf3 Nbc6 5. d4 d5 6. exd5 exd5 7. Bb5 a6 8.
Bxc6+ Nxc6 9. dxc5 Bxc5 10. Qxd5 Qb6 11. O-O Qa5 12. a3 Be6 13. Qg5 O-O 14.
b4 Bxb4 15. Qxa5 Bxa5 16. Bb2 Rad8 17. Rad1 Bg4 18. Rxd8 Rxd8 19. Nh4 g5 20.
f3 Bc8 21. Na4 gxh4 22. Bf6 Rd6 23. Bxh4 Rd4 24. Bf6 Rxa4 25. Rd1 Bb6+ 26.
Kh1 Bd4 27. Bg5 Bf5 28. Re1 Rxa3 29. Bh6 Ne7 30. g3 Bh3 31. c3 Bxc3 32. Rd1
Ra1 33. Bc1 Bb2 34. Rd8+ Kg7 35. Kg1 Rxc1+ 36. Kf2 Nc6 37. Rd7 Rf1+ 38. Ke2
Nd4+ 39. Kd3 Rxf3+ 40. Ke4 Bxd7 {White resigns} 0-1

[Event "ICC tourney 1877 (15 10)"]
[Site "Internet Chess Club"]
[Date "2020.06.14"]
[Round "5"]
[White "rockinroll"]
[Black "watermelon"]
[Result "0-1"]
[ICCResult "White resigns"]
[WhiteElo "1140"]
[BlackElo "1345"]
[Opening "Queen's pawn, Mason variation"]
[ECO "D00"]
[NIC "QP.08"]
[Time "17:40:58"]
[TimeControl "900+10"]

1. d4 d5 2. Bf4 Bf5 3. e3 Nf6 4. c4 c6 5. Nc3 e6 6. Qb3 Qb6 7. Nf3 Qxb3 8.
axb3 Nbd7 9. Kd2 c5 10. cxd5 exd5 11. Bb5 Be7 12. Ne5 O-O 13. Bxd7 Bxd7 14.
Nxd7 Nxd7 15. Nxd5 Bf6 16. Nxf6+ Nxf6 17. Bd6 Ne4+ 18. Ke2 Nxd6 19. dxc5 Ne4
20. b4 Rfd8 21. Rhd1 a6 22. f3 Nf6 23. e4 h6 24. Rd6 Rxd6 25. cxd6 Nd7 26.
Rc1 Rd8 27. f4 f6 28. Rc7 Nb6 29. Rxb7 Rxd6 {White resigns} 0-1

[Event "ICC tourney 1877 (15 10)"]
[Site "Internet Chess Club"]
[Date "2020.06.14"]
[Round "5"]
[White "VibrantBroccoli"]
[Black "Queen-2007"]
[Result "0-1"]
[ICCResult "White checkmated"]
[WhiteElo "1445"]
[BlackElo "1542"]
[Opening "Sicilian, Chekhover variation"]
[ECO "B53"]
[NIC "SI.02"]
[Time "17:42:41"]
[TimeControl "900+10"]

1. e4 c5 2. Nf3 d6 3. d4 cxd4 4. Qxd4 Nf6 5. Bg5 a6 6. Nc3 e6 7. Be2 Nc6 8.
Qd2 Be7 9. O-O-O O-O 10. Bf4 e5 11. Bg5 Be6 12. Bxf6 Bxf6 13. Qxd6 Qa5 14.
Nd5 Qxa2 15. b3 Rad8 16. Qc5 Bxd5 17. exd5 Nd4 18. Nxd4 exd4 19. Bd3 Rc8 20.
Qd6 Bg5+ 21. f4 Rfd8 22. Qe5 Bh6 23. g4 Rxd5 24. Qe4 g6 25. g5 Rxg5 26. fxg5
Bxg5+ 27. Rd2 Qa1# {White checkmated} 0-1

[Event "ICC tourney 1877 (15 10)"]
[Site "Internet Chess Club"]
[Date "2020.06.14"]
[Round "5"]
[White "Sricharan07"]
[Black "ChocolateBox"]
[Result "1-0"]
[ICCResult "Black checkmated"]
[WhiteElo "1468"]
[BlackElo "1514"]
[Opening "Sicilian: Alapin's variation (2.c3)"]
[ECO "B22"]
[NIC "SI.46"]
[Time "17:41:14"]
[TimeControl "900+10"]

1. e4 c5 2. c3 Nc6 3. d4 cxd4 4. cxd4 d5 5. e5 Bf5 6. Nf3 e6 7. Be2 Nge7 8.
Nc3 a6 9. O-O Qc7 10. Be3 Rc8 11. Rc1 h6 12. a3 b5 13. Nd2 Ng6 14. Nb3 Qb8
15. f3 Nh4 16. Bf2 g5 17. g3 Bh3 18. gxh4 Bxf1 19. Bxf1 gxh4 20. Bxh4 Rg8+
21. Kh1 Ne7 22. Bf2 Nf5 23. Bd3 Ne7 24. Nc5 Rxc5 25. dxc5 Qxe5 26. Bg3 Qe3
27. Rc2 h5 28. Qe2 Qxc5 29. Nxb5 Qb6 30. Nd6+ Kd7 31. Nxf7 Nc6 32. Ne5+ Nxe5
33. Qxe5 Bc5 34. Qxh5 Bd4 35. Qf7+ Kd8 36. Qxg8+ Ke7 37. Rc7+ Kf6 38. Qh8+
Kg5 39. Qh4# {Black checkmated} 1-0

[Event "ICC tourney 1877 (15 10)"]
[Site "Internet Chess Club"]
[Date "2020.06.14"]
[Round "5"]
[White "rcsong"]
[Black "Krafterdudes"]
[Result "1-0"]
[ICCResult "Black checkmated"]
[WhiteElo "1442"]
[BlackElo "1358"]
[Opening "English: ultra-symmetrical variation"]
[ECO "A36"]
[NIC "EO.31"]
[Time "17:41:01"]
[TimeControl "900+10"]

1. c4 c5 2. Nc3 Nc6 3. g3 g6 4. Bg2 Bg7 5. d3 d6 6. e4 e6 7. Nge2 Nge7 8.
O-O O-O 9. h3 Bd7 10. a3 Nd4 11. Rb1 Nec6 12. b4 Nxe2+ 13. Nxe2 Nd4 14. bxc5
dxc5 15. Rxb7 Bc6 16. Rb1 Qd6 17. Bf4 e5 18. Be3 Rfd8 19. Bxd4 exd4 20. Nf4
Bh6 21. Nd5 Bxd5 22. cxd5 Rab8 23. Qa4 a6 24. Rfe1 Bd2 25. Rxb8 Rxb8 26. Re2
Rb1+ 27. Kh2 Bg5 28. e5 Qd8 29. e6 fxe6 30. Rxe6 Kg7 31. Qxa6 Qf8 32. Qa7+
Kh6 33. f3 Be3 34. h4 Bg1+ 35. Kh3 Bf2 36. Re7 Qg8 37. g4 Bxh4 38. Kxh4 g5+
39. Kh3 Qg6 40. Re6 c4 41. Rxg6+ hxg6 42. Qa8 Kg7 43. dxc4 d3 44. Qa7+ Kf6
45. Qd4+ Ke7 46. Qxd3 Rc1 47. d6+ Kd7 48. Qxg6 Ra1 49. Qxg5 Ke6 50. Qd5+ Kd7
51. c5 Rc1 52. c6+ Kd8 53. c7+ Kc8 54. d7+ Kxc7 55. d8=R Kb6 56. a4 Ka6 57.
Qb5+ Ka7 58. Rd7+ Ka8 59. Qb7# {Black checkmated} 1-0

[Event "ICC tourney 1877 (15 10)"]
[Site "Internet Chess Club"]
[Date "2020.06.14"]
[Round "5"]
[White "MIEMBR"]
[Black "NSXchessplayer"]
[Result "1-0"]
[ICCResult "Black resigns"]
[WhiteElo "1420"]
[BlackElo "1349"]
[Opening "Neo-Gr?nfeld, 6.O-O c6"]
[ECO "D78"]
[NIC "GI.02"]
[Time "17:40:57"]
[TimeControl "900+10"]

1. d4 d5 2. Nf3 Nf6 3. g3 g6 4. Bg2 Bg7 5. O-O O-O 6. c4 c6 7. Nc3 Re8 8. b3
Nbd7 9. Bb2 e5 10. dxe5 Nxe5 11. Nxe5 Rxe5 12. Nxd5 Nxd5 13. cxd5 Re7 14.
Bxg7 Kxg7 15. dxc6 Qxd1 16. Rfxd1 bxc6 17. Bxc6 Rb8 18. e3 Be6 19. Rac1 Rc7
20. Bf3 Rbc8 21. Rxc7 Rxc7 22. Rd2 Rc1+ 23. Kg2 Ra1 24. h4 h5 25. Be4 Kf6
26. Kf3 Bg4+ 27. Kg2 Be6 28. f3 Re1 29. Kf2 Ra1 30. Bd3 g5 31. hxg5+ Kxg5
32. f4+ Kf6 33. e4 Bg4 34. Be2 Bxe2 35. Kxe2 Rg1 36. Kf3 Rh1 37. Rd7 h4 38.
gxh4 Rxh4 39. Rxa7 Rh3+ 40. Kg4 Rh1 41. Ra6+ Ke7 42. e5 Rg1+ 43. Kf5 Rh1 44.
Ra7+ Ke8 45. Kf6 Rh6+ 46. Kf5 Rh5+ 47. Ke4 Rh1 48. a4 Re1+ 49. Kf5 Rb1 50.
Rb7 Rh1 51. b4 Ra1 52. a5 Ra4 53. Kf6 Kd8 54. Kxf7 Kc8 55. Rb5 Kc7 56. e6
Kc6 57. Rb6+ Kc7 58. e7 Rxa5 59. bxa5 Kd7 60. e8=Q+ Kc7 61. Qc6+ {Black
resigns} 1-0

[Event "ICC tourney 1877 (15 10)"]
[Site "Internet Chess Club"]
[Date "2020.06.14"]
[Round "5"]
[White "aarushnaveen"]
[Black "BlunderMaster17"]
[Result "1-0"]
[ICCResult "Black resigns"]
[WhiteElo "1479"]
[BlackElo "1500"]
[Opening "Giuoco Piano: M?ller (Therkatz) attack"]
[ECO "C54"]
[NIC "IG.02"]
[Time "17:41:09"]
[TimeControl "900+10"]

1. e4 e5 2. Nf3 Nc6 3. Bc4 Bc5 4. c3 Nf6 5. d4 exd4 6. cxd4 Bb4+ 7. Nc3 Nxe4
8. O-O Bxc3 9. d5 Ne5 10. Qe2 O-O 11. bxc3 Nxc4 12. Qxc4 Re8 13. Re1 Nd6 14.
Rxe8+ Nxe8 15. Bg5 f6 16. Bf4 d6 17. Nd4 Qe7 18. f3 f5 19. Bg3 Nf6 20. Nb5
Ne8 21. Re1 Qf7 22. Rxe8+ Qxe8 23. Nxc7 Qe3+ 24. Bf2 Qc1+ 25. Qf1 Qxc3 26.
Nxa8 b6 27. Qe1 Qxe1+ 28. Bxe1 Kf7 29. Nc7 a6 30. Na8 b5 31. Nb6 Bb7 32. Bb4
Ke7 33. Kf2 g5 34. Ke3 h5 35. f4 g4 36. g3 a5 37. Bxa5 Ba6 {Black resigns}
1-0

[Event "ICC tourney 1877 (15 10)"]
[Site "Internet Chess Club"]
[Date "2020.06.14"]
[Round "5"]
[White "abi2009"]
[Black "vinbiko"]
[Result "1-0"]
[ICCResult "Black resigns"]
[WhiteElo "1371"]
[BlackElo "1360"]
[Opening "English opening"]
[ECO "A20"]
[NIC "EO.24"]
[Time "17:40:54"]
[TimeControl "900+10"]

1. c4 e5 2. g3 Nf6 3. Bg2 d6 4. Nc3 Be7 5. d3 Nbd7 6. Bd2 O-O 7. b4 c6 8. a4
a6 9. e3 Re8 10. Nge2 Bf8 11. O-O g6 12. Qb3 Qc7 13. b5 c5 14. a5 Bg7 15. b6
Qd8 16. e4 Nf8 17. Nd1 Bg4 18. f3 Bd7 19. Ne3 Bc6 20. Nc3 Ne6 21. Ned5 Bxd5
22. Nxd5 Nxd5 23. cxd5 Nd4 24. Qd1 f5 25. Be3 Nb5 26. Qc2 Rc8 27. Qc4 Nd4
28. Kh1 Qd7 29. Rac1 Qb5 30. Bxd4 Qxc4 31. Rxc4 exd4 32. Bh3 Rf8 33. Rcc1
Rce8 34. Rce1 fxe4 35. fxe4 Rxf1+ 36. Rxf1 Bh6 37. Be6+ Kh8 38. Rf7 Rb8 39.
Rd7 Bd2 40. Rxd6 Bxa5 41. Bg4 Bb4 42. e5 c4 43. dxc4 Bxd6 44. exd6 Kg7 45.
c5 Kf6 46. c6 bxc6 47. dxc6 Rxb6 48. d7 Ke7 49. c7 Rd6 50. c8=Q d3 51. Qe8+
Kf6 52. Qf8+ Ke5 53. Qe7+ Kd5 54. Qxd6+ {Black resigns} 1-0

[Event "ICC tourney 1877 (15 10)"]
[Site "Internet Chess Club"]
[Date "2020.06.14"]
[Round "5"]
[White "kralj8"]
[Black "saisneha"]
[Result "0-1"]
[ICCResult "White checkmated"]
[WhiteElo "1627"]
[BlackElo "1525"]
[Opening "Ruy Lopez: Morphy defense"]
[ECO "C77"]
[NIC "RL.12"]
[Time "17:44:46"]
[TimeControl "900+10"]

1. e4 e5 2. Nf3 Nc6 3. Bb5 a6 4. Ba4 Nf6 5. d4 exd4 6. O-O Be7 7. e5 Ne4 8.
Nxd4 Nxd4 9. Qxd4 Nc5 10. Nc3 O-O 11. Re1 d6 12. exd6 Bxd6 13. Ne4 Bxh2+ 14.
Kxh2 Qxd4 15. Nxc5 Qxc5 16. Be3 Qh5+ 17. Kg1 b5 18. Bb3 Bb7 19. f3 Rfe8 20.
Bf2 Qg6 21. Kf1 a5 22. a4 bxa4 23. Bxa4 Bc6 24. Bb3 a4 25. Ba2 Qxc2 26. Rac1
Rxe1+ 27. Rxe1 Qxb2 28. Bc4 Bb5 29. Bxb5 Qxb5+ 30. Kg1 a3 31. Bd4 a2 32. Ra1
c5 33. Be5 c4 34. Bd4 c3 35. Kh2 c2 36. Re1 Qb1 37. Re7 c1=Q 38. g4 Qh1+ 39.
Kg3 Qb8+ 40. Be5 Qg1+ 41. Kh4 Qxe5 42. Rxe5 Qh2+ 43. Kg5 Qxe5+ 44. Kh4 Qh2+
45. Kg5 Ra5# {White checkmated} 0-1

[Event "ICC tourney 1877 (15 10)"]
[Site "Internet Chess Club"]
[Date "2020.06.14"]
[Round "5"]
[White "Chessplayer44"]
[Black "mrneale"]
[Result "1-0"]
[ICCResult "Black resigns"]
[WhiteElo "1308"]
[BlackElo "1503"]
[Opening "Queen's Pawn"]
[ECO "A41"]
[NIC "QO.17"]
[Time "17:41:01"]
[TimeControl "900+10"]

1. d4 d6 2. e3 Nd7 3. Bd3 e5 4. c3 Be7 5. Nd2 Ngf6 6. Ngf3 c6 7. O-O Qc7 8.
e4 Nf8 9. dxe5 dxe5 10. Nc4 Bd6 11. Bc2 Ke7 12. Nxd6 Qxd6 13. Qxd6+ Kxd6 14.
Rd1+ Ke6 15. Bb3+ Ke7 16. Nxe5 Ng6 17. Nxf7 Rf8 18. Nd6 b6 19. Bg5 h6 20.
Bxf6+ Rxf6 21. Nxc8+ Rxc8 22. e5 Rff8 23. Re1 Rcd8 24. e6 Rd6 25. Rad1 Rfd8
26. Rxd6 Rxd6 27. g3 Nf8 28. f4 Rd2 29. f5 Rxb2 30. Rd1 Re2 31. h3 Re3 32.
Kf2 Rxc3 33. h4 Rc5 34. g4 Rc3 35. Rg1 Rd3 36. g5 hxg5 37. Rxg5 g6 38. fxg6
Rd8 39. g7 Nh7 40. g8=Q Rxg8 41. Rxg8 Nf6 42. Rg7+ Ke8 43. Rxa7 b5 44. Kf3
c5 45. Bc2 Nd5 46. Bg6+ Kf8 47. Rf7+ Kg8 48. e7 Nxe7 49. Rxe7 c4 50. a3 b4
51. axb4 c3 52. b5 c2 53. Bxc2 Kf8 54. Rh7 Kg8 55. b6 {Black resigns} 1-0

[Event "ICC tourney 1877 (15 10)"]
[Site "Internet Chess Club"]
[Date "2020.06.14"]
[Round "5"]
[White "aghilan"]
[Black "pluto46"]
[Result "1-0"]
[ICCResult "Black resigns"]
[WhiteElo "1547"]
[BlackElo "1360"]
[Opening "Pirc: classical (two knights) system"]
[ECO "B08"]
[NIC "PU.07"]
[Time "17:41:17"]
[TimeControl "900+10"]

1. e4 d6 2. d4 Nf6 3. Nc3 g6 4. Nf3 Bg4 5. Bc4 Bg7 6. h3 Bxf3 7. Qxf3 O-O 8.
e5 Nfd7 9. Qxb7 Nb6 10. e6 Nxc4 11. Qxa8 c6 12. Qxa7 fxe6 13. O-O Nb6 14. a4
c5 15. dxc5 dxc5 16. Rd1 Bd4 17. Be3 Nc6 18. Qb7 c4 19. Qxc6 e5 20. a5 Rf6
21. Qe4 Nc8 22. Qxe5 Bxe5 23. Rxd8+ Rf8 24. Rxf8+ Kxf8 25. a6 Bb8 26. a7
Nxa7 27. Bxa7 Bxa7 28. Rxa7 Kf7 29. Rc7 {Black resigns} 1-0

[Event "ICC tourney 1877 (15 10)"]
[Site "Internet Chess Club"]
[Date "2020.06.14"]
[Round "5"]
[White "ajaccio111"]
[Black "tigerche207"]
[Result "0-1"]
[ICCResult "White resigns"]
[WhiteElo "1558"]
[BlackElo "1650"]
[Opening "Scotch gambit: Dubois-R?ti defense"]
[ECO "C55"]
[NIC "KP.02"]
[Time "17:40:54"]
[TimeControl "900+10"]

1. e4 e5 2. Nf3 Nc6 3. d4 exd4 4. Bc4 Nf6 5. e5 d5 6. Bb5 Ne4 7. Nxd4 Bd7 8.
Bxc6 bxc6 9. O-O Bc5 10. f3 Ng5 11. f4 Ne4 12. Be3 Qb8 13. b3 O-O 14. Nd2
Nxd2 15. Qxd2 Re8 16. a3 a5 17. c3 Bb6 18. b4 Qa7 19. Rfe1 axb4 20. cxb4 c5
21. Nb3 cxb4 22. axb4 Bxe3+ 23. Rxe3 Qb6 24. Rxa8 Rxa8 25. h3 Ra2 26. Qe1 d4
27. Re2 d3+ 28. Re3 Re2 {White resigns} 0-1

[Event "ICC tourney 1877 (15 10)"]
[Site "Internet Chess Club"]
[Date "2020.06.14"]
[Round "5"]
[White "blackmanrook"]
[Black "funchesser"]
[Result "0-1"]
[ICCResult "White resigns"]
[WhiteElo "1640"]
[BlackElo "1418"]
[Opening "Sicilian: closed"]
[ECO "B23"]
[NIC "SI.44"]
[Time "17:40:58"]
[TimeControl "900+10"]

1. e4 c5 2. Nc3 e6 3. f4 Nc6 4. Nf3 d5 5. Bb5 Ne7 6. O-O a6 7. Be2 d4 8. Nb1
Ng6 9. d3 Be7 10. a4 O-O 11. Na3 b5 12. axb5 axb5 13. Bd2 Ba6 14. Qe1 f5 15.
exf5 exf5 16. g3 Qd7 17. h4 Bf6 18. h5 Nge7 19. Ng5 Nd5 20. Bf3 Rfe8 21. Qf2
Ncb4 22. Qg2 Bb7 23. Rae1 h6 24. Nh3 Reb8 25. g4 Ne3 26. Bxe3 dxe3 27. g5
Bxf3 28. Qxf3 Bxb2 29. gxh6 Rxa3 30. Kh1 Ra6 31. hxg7 Nxc2 32. Re2 Nd4 33.
Qxe3 Re6 34. Qxe6+ Nxe6 35. Rxb2 Qxd3 36. Kg2 Qe4+ 37. Kh2 Kxg7 38. Rg2+ Kh6
39. Rfg1 Nxf4 40. Rg7 Qe2+ 41. Kh1 Qf3+ 42. R1g2 Qxh3+ {White resigns} 0-1

[Event "ICC tourney 1877 (15 10)"]
[Site "Internet Chess Club"]
[Date "2020.06.14"]
[Round "5"]
[White "steinutz"]
[Black "reachraam"]
[Result "0-1"]
[ICCResult "White resigns"]
[WhiteElo "1349"]
[BlackElo "1478"]
[Opening "Trompowsky attack (Ruth, Opocensk? opening)"]
[ECO "A45"]
[NIC "QP.07"]
[Time "17:41:02"]
[TimeControl "900+10"]

1. d4 Nf6 2. Bg5 d5 3. e3 Bf5 4. Nf3 Nbd7 5. Bd3 Ne4 6. Bxe4 Bxe4 7. Nbd2
Nf6 8. Nxe4 Nxe4 9. Bf4 e6 10. O-O Bd6 11. Ne5 O-O 12. f3 Nf6 13. Nd3 h6 14.
c3 Re8 15. Be5 Bxe5 16. Nxe5 c6 17. Qc2 Nd7 18. f4 f6 19. Ng6 f5 20. Kh1 Qf6
21. Ne5 Rad8 22. Rf3 Nxe5 23. fxe5 Qh4 24. Raf1 Kh7 25. Rf4 Qe7 26. g4 g6
27. gxf5 gxf5 28. Qf2 Rg8 29. Rh4 Rg6 30. Rg1 Rdg8 31. Rg3 Qxh4 32. Kg2 Qe4+
33. Kh3 Rxg3+ 34. hxg3 Qh1+ 35. Qh2 Qxh2+ 36. Kxh2 h5 37. Kh3 Kh6 38. b3 Rg4
39. c4 Re4 40. cxd5 cxd5 41. Kg2 Rxe3 42. Kf2 Rd3 {White resigns} 0-1

[Event "ICC tourney 1877 (15 10)"]
[Site "Internet Chess Club"]
[Date "2020.06.14"]
[Round "5"]
[White "MehPlayer"]
[Black "andrewhzhang"]
[Result "0-1"]
[ICCResult "White resigns"]
[WhiteElo "1433"]
[BlackElo "1435"]
[Opening "Queen's pawn, Mason variation"]
[ECO "D00"]
[NIC "QP.08"]
[Time "17:42:40"]
[TimeControl "900+10"]

1. d4 d5 2. Bf4 Nf6 3. e3 e6 4. Bd3 c5 5. c3 Bd6 6. Bg3 Nc6 7. Nf3 O-O 8.
Nbd2 Re8 9. Ne5 Qc7 10. f4 b6 11. Bf2 Bb7 12. g4 cxd4 13. exd4 Ne4 14. Be3
f6 15. Nxc6 Bxc6 16. O-O e5 17. fxe5 fxe5 18. Nxe4 dxe4 19. Bc4+ Kh8 20. Rf7
Re7 21. Qf1 Rxf7 22. Qxf7 Qxf7 23. Bxf7 exd4 24. Bxd4 Rf8 25. Rf1 Bc5 26.
Bxc5 bxc5 27. Bc4 Re8 28. Re1 h6 29. Kf2 Rf8+ 30. Kg1 Rf4 31. h3 Rf3 32. Bf1
e3 33. Bg2 Rg3 34. Re2 Bxg2 35. Rxg2 e2 {White resigns} 0-1

[Event "ICC tourney 1877 (15 10)"]
[Site "Internet Chess Club"]
[Date "2020.06.14"]
[Round "5"]
[White "Neal-Li"]
[Black "chesscracker40"]
[Result "0-1"]
[ICCResult "White resigns"]
[WhiteElo "1228"]
[BlackElo "1441"]
[Opening "Sicilian: Alapin's variation (2.c3)"]
[ECO "B22"]
[NIC "SI.47"]
[Time "17:40:56"]
[TimeControl "900+10"]

1. e4 c5 2. c3 Nf6 3. e5 Nd5 4. d4 cxd4 5. cxd4 d6 6. Nf3 Nc6 7. exd6 Qxd6
8. Nc3 e6 9. Bc4 Be7 10. Bxd5 exd5 11. O-O O-O 12. Qb3 Bg4 13. Nxd5 Bxf3 14.
Qxf3 Nxd4 15. Qe4 Nc6 16. Re1 Rae8 17. Bf4 Qd7 18. Nc7 Rc8 19. Rad1 Qg4 20.
Nd5 Rfe8 21. Nc7 Red8 22. Rxd8+ Rxd8 23. h3 Qd7 24. Nd5 Qxd5 25. Qxd5 Rxd5
{White resigns}
0-1

[Event "ICC tourney 1877 (15 10)"]
[Site "Internet Chess Club"]
[Date "2020.06.14"]
[Round "5"]
[White "KrishnaSaketh"]
[Black "evg1234567"]
[Result "0-1"]
[ICCResult "White checkmated"]
[WhiteElo "1352"]
[BlackElo "1638"]
[Opening "QGD: exchange variation"]
[ECO "D35"]
[NIC "QO.16"]
[Time "17:42:45"]
[TimeControl "900+10"]

1. d4 Nf6 2. c4 e6 3. Nc3 d5 4. cxd5 Nxd5 5. e4 Nxc3 6. bxc3 c5 7. Nf3 Nc6
8. Bb5 Bd7 9. Be3 cxd4 10. cxd4 Bb4+ 11. Bd2 Bxd2+ 12. Qxd2 O-O 13. Bxc6
Bxc6 14. Qd3 Qa5+ 15. Nd2 Bb5 16. Qe3 Rac8 17. a4 Bxa4 18. O-O b5 19. Nb3
Qb4 20. Nc5 Rfd8 21. Nxa4 bxa4 22. Rfd1 Rc4 23. Rdb1 Qd6 24. d5 exd5 25. Rd1
d4 26. Qa3 Qxa3 27. Rxa3 d3 28. f3 d2 29. Kf2 Rc1 30. Ke2 Rxd1 31. Kxd1 Rd4
32. Rc3 g6 33. Rc8+ Kg7 34. Rc7 a5 35. Ra7 Kf6 36. Rxa5 h5 37. Rb5 a3 38.
Rb3 Ra4 39. Rb1 Ke5 40. Kxd2 Kd4 41. Ra1 Rb4 42. Rxa3 Rb2+ 43. Kc1 Rxg2 44.
Ra7 f5 45. Ra4+ Ke5 46. Ra5+ Kf6 47. e5+ Ke6 48. f4 Rf2 49. Ra6+ Kf7 50.
Ra7+ Kg8 51. Ra8+ Kh7 52. Ra7+ Kg8 53. Ra8+ Kf7 54. Ra7+ Ke8 55. Ra8+ Kd7
56. Ra7+ Kc8 57. e6 Kd8 58. Rg7 Rxh2 59. Rxg6 Ke7 60. Kd1 h4 61. Ke1 h3 62.
Kf1 Ra2 63. Rh6 h2 64. Rh8 Kxe6 65. Rh6+ Kd5 66. Rh5 Ke4 67. Rh4 Rb2 68. Rh8
Kxf4 69. Rh4+ Kg3 70. Rh8 h1=Q+ 71. Rxh1 Rb1+ 72. Ke2 Rxh1 73. Ke3 f4+ 74.
Kd4 f3 75. Ke5 f2 76. Kd6 f1=Q 77. Kc5 Qd1 78. Kc6 Rh6+ 79. Kb5 Qd5+ 80. Kb4
Rb6+ 81. Kc3 Rb3+ 82. Kc2 Qd3+ 83. Kc1 Rb1# {White checkmated} 0-1

[Event "ICC tourney 1877 (15 10)"]
[Site "Internet Chess Club"]
[Date "2020.06.14"]
[Round "5"]
[White "chessw23"]
[Black "Mitochondria"]
[Result "1-0"]
[ICCResult "Black checkmated"]
[WhiteElo "1541"]
[BlackElo "1599"]
[Opening "Sicilian: Alapin's variation (2.c3)"]
[ECO "B22"]
[NIC "SI.46"]
[Time "17:42:56"]
[TimeControl "900+10"]

1. e4 c5 2. c3 Nc6 3. d4 cxd4 4. cxd4 e6 5. Nf3 Nf6 6. Nc3 Bb4 7. Bd3 d6 8.
O-O O-O 9. Bg5 h6 10. Bh4 e5 11. d5 Bxc3 12. bxc3 Na5 13. h3 b6 14. Nd2 Nb7
15. Nb3 Bd7 16. Qd2 Rc8 17. Rac1 Nc5 18. Nxc5 Rxc5 19. f4 Nxe4 20. Qe1 Nf6
21. fxe5 dxe5 22. Rxf6 gxf6 23. Qg3+ Kh8 24. Qf2 Kg7 25. Rf1 Qc8 26. Bxf6+
Kg8 27. Qg3+ Bg4 28. Bf5 Rxd5 29. Qxg4# {Black checkmated} 1-0

[Event "ICC tourney 1877 (15 10)"]
[Site "Internet Chess Club"]
[Date "2020.06.14"]
[Round "5"]
[White "Leolix"]
[Black "HarleyQueen8"]
[Result "1-0"]
[ICCResult "Black forfeits on time"]
[WhiteElo "1601"]
[BlackElo "1491"]
[Opening "Nimzo-Indian: 4.e3 e8g8, 5.Nf3 d7d5"]
[ECO "E51"]
[NIC "NI.06"]
[Time "17:41:16"]
[TimeControl "900+10"]

1. d4 Nf6 2. c4 e6 3. Nc3 Bb4 4. Nf3 d5 5. e3 O-O 6. Bd3 h6 7. O-O c5 8.
cxd5 cxd4 9. Nxd4 Nxd5 10. Nxd5 Qxd5 11. a3 Be7 12. b4 Rd8 13. Qc2 Bf6 14.
Bb2 Bxd4 15. Bxd4 Nc6 16. Be4 Nxd4 17. exd4 Qxd4 18. Rad1 Qf6 19. Rxd8+ Qxd8
20. Rd1 Qe7 21. Qd3 Kf8 22. a4 f5 23. Bf3 e5 24. Qd8+ Qxd8 25. Rxd8+ Ke7 26.
Rg8 e4 27. Bh5 b6 28. Rxg7+ Kf8 29. Rh7 Be6 30. Rh8+ Bg8 31. Rxh6 Rc8 32. h3
Ke7 33. Rg6 {Black forfeits on time} 1-0

[Event "ICC tourney 1877 (15 10)"]
[Site "Internet Chess Club"]
[Date "2020.06.14"]
[Round "5"]
[White "poohfur"]
[Black "Joshua1"]
[Result "1-0"]
[ICCResult "Black checkmated"]
[WhiteElo "1523"]
[BlackElo "1550"]
[Opening "Sicilian: Kan, Mar?czy bind (R?ti variation)"]
[ECO "B41"]
[NIC "SI.41"]
[Time "17:40:57"]
[TimeControl "900+10"]

1. e4 c5 2. Nf3 e6 3. d4 cxd4 4. Nxd4 a6 5. c4 Qc7 6. Nc3 Nf6 7. Be3 d6 8.
f3 g6 9. Qd2 Bg7 10. Be2 O-O 11. O-O Nbd7 12. g4 Rd8 13. g5 Ne8 14. Rf2 b6
15. f4 Bb7 16. h4 Nc5 17. Bf3 Rac8 18. f5 Qb8 19. f6 Bf8 20. h5 Qa8 21. hxg6
fxg6 22. Bg4 Nc7 23. f7+ Kh8 24. Rh2 Rd7 25. Rf1 Bxe4 26. Rxh7+ Kxh7 27.
Qh2+ Kg7 28. Qh6# {Black checkmated} 1-0